 Dungeon Crawl Stone Soup version 0.30.0-29-ga12c61a403 (webtiles) character file.

Game seed: 10885477261313896596

161 Fecro the Covert (level 5, -1/26 HPs)
             Began as a Spriggan Brigand on June 13, 2023.
             Slain by an ogre
             ... wielding a +0 giant club
              (27 damage)
             ... on level 4 of the Dungeon.
             The game lasted 00:07:36 (1594 turns).

Fecro the Covert (Spriggan Brigand)                 Turns: 1594, Time: 00:07:36

Health: -1/26      AC:  3    Str:  7    XL:     5   Next: 19%
Magic:  9/9        EV: 17    Int: 16    God:
Gold:   141        SH:  0    Dex: 18    Spells: 8/8 levels left

rFire   . . .        u - +10 war axe "Undertaker" {pain, Int+3}
rCold   . . .        (no shield)
rNeg    . . .        b - +0 robe
rPois   .            (helmet restricted)
rElec   .            c - +0 cloak
rCorr   .            (gloves unavailable)
SInv    +            (boots unavailable)
Will    .....        (no amulet)
Stlth   ++++         (no ring)
HPRegen 0.24/turn    (no ring)
MPRegen 0.11/turn

%: no passive effects
@: very quick
A: very small, no large weapons, unfitting armour, see invisible, speed 3
a: no special abilities


You were on level 4 of the Dungeon.
You visited 1 branch of the dungeon, and saw 4 of its levels.

You collected 141 gold pieces.

Inventory:

Hand Weapons
 a - a +2 dagger
 t - a +0 sling
 u - the +10 war axe "Undertaker" (weapon) {pain, Int+3}
   (You found it on level 3 of the Dungeon)

   Int:       It affects your intelligence (+3).
Missiles
 d - 12 poisoned darts (quivered)
 e - 3 curare-tipped darts
Armour
 b - a +0 robe (worn)
 c - a +0 cloak (worn)
Jewellery
 k - a ring of wizardry
 l - a ring of resist corrosion
Wands
 p - a wand of charming (9)
 v - a wand of flame (7)
Scrolls
 h - a scroll of amnesia {unknown}
 m - a scroll of fear {unknown}
 n - 2 scrolls of blinking {unknown}
 o - a scroll of teleportation {unknown}
 q - a scroll of vulnerability {unknown}
 s - a scroll of noise {unknown}
 w - a scroll of immolation {unknown}
Potions
 f - a potion of degeneration {unknown}
 g - 2 potions of curing {unknown}
 i - a potion of mutation {unknown}
 j - 3 potions of flight {unknown}
 r - a potion of heal wounds {unknown}
 x - a potion of might {unknown}


   Skills:
 + Level 1.8 Fighting
 - Level 2.8 Short Blades
 + Level 2.0 Throwing
 + Level 2.3 Dodging
 + Level 8.2 Stealth
 * Level 2.4 Spellcasting


You had 8 spell levels left.
You didn't know any spells.
Your spell library contained the following spells:

 Spells                   Type           Power      Damage    Failure   Level
 Apportation              Tloc           2%         N/A       21%         1
 Necrotise                Necr           4%         1d4       21%         1
 Summon Small Mammal      Summ           4%         N/A       21%         1
 Static Discharge         Conj/Air       2%         2-3/arc   30%         2
 Airstrike                Air            0%         2d(1-17)  89%         4
 Summon Lightning Spire   Summ/Air       1%         N/A       89%         4


Dungeon Overview and Level Annotations

Branches:
Dungeon (4/15)
 Temple: D:4-7

Altars:
Uskayaw
Vehumet

Annotations:
D:4 Blork the orc, Dowan, Duvessa


Innate Abilities, Weirdness & Mutations

You are very small and have problems with some larger weapons.
You are too small for most types of armour.
You have supernaturally acute eyesight. (SInv)
You cover ground extremely quickly. (Speed+++)


Message History

There is an open door here.
Throw: 18 darts (poison)
Press: ? - help, Q - select action, (/) - cycle Shift-Dir - straight line, f - ogre
Aim: an ogre, wielding a +0 giant club (moderately wounded, 76% to hit)
You throw a poisoned dart. The poisoned dart hits the ogre.
The ogre is moderately wounded.
Throw: 17 darts (poison)
Press: ? - help, Q - select action, (/) - cycle Shift-Dir - straight line, f/p - ogre
Aim: an ogre, wielding a +0 giant club (moderately wounded, 76% to hit)
You throw a poisoned dart.
The poisoned dart completely misses the ogre.
Throw: 16 darts (poison)
Press: ? - help, Q - select action, (/) - cycle Shift-Dir - straight line, f/p - ogre
Aim: an ogre, wielding a +0 giant club (moderately wounded, 76% to hit)
You throw a poisoned dart. The poisoned dart hits the ogre.
The ogre is poisoned.
The ogre is moderately wounded.
Throw: 15 darts (poison)
Press: ? - help, Q - select action, (/) - cycle Shift-Dir - straight line, f/p - ogre
Aim: an ogre, wielding a +0 giant club (heavily wounded, poisoned, 76% to hit)
You throw a poisoned dart. The poisoned dart hits the ogre.
The ogre is heavily wounded.
The ogre looks more healthy.
Throw: 14 darts (poison)
Press: ? - help, Q - select action, (/) - cycle Shift-Dir - straight line, f/p - ogre
Aim: an ogre, wielding a +0 giant club (heavily wounded, 76% to hit)
You throw a poisoned dart. The poisoned dart hits the ogre.
The ogre is poisoned.
The ogre is heavily wounded.
Throw: 13 darts (poison)
Press: ? - help, Q - select action, (/) - cycle Shift-Dir - straight line, f/p - ogre
Aim: an ogre, wielding a +0 giant club (heavily wounded, poisoned, 76% to hit)
You throw a poisoned dart. The poisoned dart hits the ogre.
The ogre is heavily wounded.
Unknown command.
You barely miss the ogre.
The ogre is heavily wounded.
The ogre hits you with a +0 giant club!!
Ouch! That really hurt!
You die...

### ###.....#
..##################...###'###
..'.....#..........#..##.....##
..#.....'..........#..#.......#
..#.....#..........#..#.......#
..#.##.##..#####'###..+..._...+
###.########..........#.......#
....#......#..........#.......#
....#......#...O@.†)..##.....##
....#......#..(........###'####
#######'####...........#...<..#
...........(...........#......#
.......................#......#
.......................#.....##
............#+##########.....#
.......(....'.(.# .......
............#...# .........


You could see an ogre (poisoned).

Vanquished Creatures
  Ijyb (D:3)
  Terence (D:3)
  3 adders
  A worm (D:3)
  3 dart slugs (D:1)
  9 orcs
  6 ball pythons
  4 endoplasms
  3 giant cockroaches
  5 goblins
  A hobgoblin (D:1)
  9 jackals
  4 quokkas
  4 bats
  4 frilled lizards (D:1)
  4 kobolds
  2 rats
64 creatures vanquished.

Notes
Turn   | Place    | Note
-------+----------+-------------------------------------------
     0 | D:1      | Fecro the Spriggan Brigand began the quest for the Orb.
     0 | D:1      | Reached XP level 1. HP: 10/10 MP: 2/2
    34 | D:1      | Reached skill level 6 in Stealth
    75 | D:1      | Reached skill level 1 in Spellcasting
    75 | D:1      | Reached XP level 2. HP: 8/14 MP: 2/4
   301 | D:1      | Reached XP level 3. HP: 13/18 MP: 5/5
   714 | D:2      | Reached skill level 7 in Stealth
   733 | D:2      | You fall into a shaft and drop 1 floor!
   839 | D:3      | Noticed Ijyb
   843 | D:3      | Killed Ijyb
   844 | D:3      | Reached XP level 4. HP: 23/23 MP: 7/7
   970 | D:3      | Found a hide-covered altar of Uskayaw.
  1015 | D:3      | Found a faded altar of an unknown god.
  1191 | D:3      | Identified the +10 war axe "Undertaker" {pain, Int+3}
  1203 | D:3      | Noticed Terence
  1208 | D:3      | Killed Terence
  1209 | D:3      | Reached skill level 8 in Stealth
  1271 | D:4      | Reached XP level 5. HP: 26/26 MP: 9/9
  1272 | D:4      | Noticed Blork the orc
  1273 | D:4      | Noticed Dowan
  1359 | D:4      | Noticed Duvessa
  1430 | D:4      | Found a radiant altar of Vehumet.
  1559 | D:4      | Noticed an ogre
  1594 | D:4      | Slain by an ogre

Illustrated notes

Levels and vault maps discovered:
D:1:      minmay_arrival_stone_box, layout_rooms, serial_rivers,
          chequers_serial_rivers_marsh, chequers_serial_rivers_room_b,
          chequers_serial_rivers_micro_c, chequers_serial_rivers_micro_c,
          chequers_serial_rivers_micro_a, chequers_serial_rivers_large_b
D:2:      layout_basic, uniq_sigmund, uniq_crazy_yiuf_cottage
D:3:      layout_rooms, overflow_temple_1_default,
          ebering_ecumenical_altar_petrified, uniq_terence, uniq_ijyb
D:4:      layout_gridville, nicolae_vehumet_altar_sigil,
          nicolae_yredelemnul_corpse_copse, dk_rats_in_the_wall,
          uniq_blork_the_orc, uniq_duvessa

Skill      XL: |  1  2  3  4 |
---------------+-------------+-----
Stealth        | 6 7 8 |  8.2
Spellcasting   | 1 2 |  2.4
Dodging        | 2 |  2.3
Fighting       | |  1.8
Short Blades   | |  2.8
Throwing       | |  2.0

Action                     |  1- 3 |  4- 6 || total
---------------------------+-------+-------++-------
  Melee: Dagger            |    98 |    44 ||   142
         War axe           |       |    15 ||    15
  Throw: Dart              |       |     9 ||     9
   Stab: Sleeping          |    11 |     7 ||    18
         Distracted        |     1 |       ||     1
 Armour: Robe              |     6 |     6 ||    12
  Dodge: Dodged            |    64 |    35 ||    99
